 Dungeon Crawl Stone Soup version 0.29.1-12-g30fa7ad0bf (webtiles) character file.

Game seed: 11600766870456258913

23 Aldia the Grave Robber (level 3, 25/25 HPs)
             Began as a Gnoll Wanderer on Dec 24, 2022.
             Quit the game on level 1 of the Dungeon.
             The game lasted 00:01:22 (539 turns).

Aldia the Grave Robber (Gnoll Wanderer)              Turns: 539, Time: 00:01:22

Health: 25/25      AC:  2    Str: 11    XL:     3   Next: 0%
Magic:  7/7        EV: 11    Int: 11    God:
Gold:   9          SH:  0    Dex: 13    Spells: 6/7 levels left

rFire   . . .      SeeInvis .   a - +0 sling
rCold   . . .      Faith    .   (no shield)
rNeg    . . .      Spirit   .   d - +0 robe
rPois   .          Reflect  .   (no helmet)
rElec   .          Harm     .   (no cloak)
rCorr   .          Rampage  .   (no gloves)
Will    .....                   (no boots)
Stlth   ++........              (no amulet)
HPRegen 0.08/turn               (no ring)
MPRegen 0.10/turn               (no ring)

@: no status effects
A: fangs 1, strong nose, distributed training
a: no special abilities


You were on level 1 of the Dungeon.
You visited 1 branch of the dungeon, and saw 1 of its levels.

You collected 9 gold pieces.

Inventory:

Hand Weapons
 a - a +0 sling (weapon)
 g - a +2 short sword of venom
Armour
 d - a +0 robe (worn)
Scrolls
 e - a scroll of enchant armour {unknown}
Potions
 c - a potion of heal wounds
 f - a potion of brilliance {unknown}
Miscellaneous
 b - a piece from Xom's chessboard (15/15)


   Skills:
 + Level 0.6 Fighting
 + Level 0.6 Short Blades
 + Level 0.6 Long Blades
 + Level 0.6 Axes
 + Level 0.6 Maces & Flails
 + Level 0.6 Polearms
 + Level 0.6 Staves
 + Level 4.5 Ranged Weapons
 + Level 2.5 Throwing
 + Level 0.6 Armour
 + Level 0.6 Dodging
 + Level 2.3 Stealth
 + Level 0.6 Shields
 + Level 0.6 Unarmed Combat
 + Level 2.8 Spellcasting
 + Level 0.4 Conjurations
 + Level 0.4 Hexes
 + Level 0.4 Summonings
 + Level 7.1 Necromancy
 + Level 0.4 Translocations
 + Level 0.4 Transmutations
 + Level 0.4 Fire Magic
 + Level 0.4 Ice Magic
 + Level 0.4 Air Magic
 + Level 0.4 Earth Magic
 + Level 0.4 Poison Magic
 + Level 0.8 Invocations
 + Level 2.5 Evocations


You had 6 spell levels left.
You knew the following spells:

 Your Spells              Type           Power      Damage    Failure   Level
a - Necrotise             Necr           68%        1d7       1%          1

Your spell library contained the following spells:

 Spells                   Type           Power      Damage    Failure   Level
 Dispel Undead            Necr           17%        3d10      14%         4
 Corpse Rot               Necr/Pois/Air  7%         N/A       65%         4


Dungeon Overview and Level Annotations

Branches:
Dungeon (1/15)

Altars:


Innate Abilities, Weirdness & Mutations

You have very sharp teeth.
Your uncanny sense of smell can sniff out nearby items.
Your experience applies equally to all skills.


Message History

No target in view!
No target in view!
No target in view!
Found 5 stones.
No target in view!
You see here a +2 short sword of venom.
g - a +2 short sword of venom A kobold comes into view.
It is wielding a +0 whip.
Found a viscous emerald potion.
You shoot a sling bullet. The sling bullet hits the kobold.
The kobold shouts!
The kobold is heavily wounded.
You shoot a sling bullet.
The sling bullet barely misses the kobold.
The kobold barely misses you.
You shoot a sling bullet.
The sling bullet barely misses the kobold.
The kobold closely misses you.
You shoot a sling bullet.
The sling bullet closely misses the kobold.
The kobold hits you with a +0 whip.
You shoot a sling bullet. The sling bullet hits the kobold.
You kill the kobold!
No target in view!
No target in view!
No target in view!
A hobgoblin comes into view.
Found 16 gold pieces and 4 stones.
You shoot a sling bullet.
The sling bullet hits the hobgoblin but does no damage.
The hobgoblin shouts!
You shoot a sling bullet.
The sling bullet closely misses the hobgoblin.
You shoot a sling bullet. The sling bullet hits the hobgoblin.
You kill the hobgoblin!
You have reached level 3!
Your experience leads to an increase in your attributes!
Increase (S)trength, (I)ntelligence, or (D)exterity?
You feel stronger. x2
Are you sure you want to abandon this character and quit the game? (Confirm with "yes".)

.. . ...# . . ... #
.#.!.. $( ..#.. ...
#.#. .... #..#....
#(..##. .##.. #.#
#@# ..####)..##...
##.###...)..#.#....
#..................
#)#...........#....
#.#................
#.#.............†..
#.#............#)..
..#.......#..##....
.#########...##.##>


There were no monsters in sight!

Vanquished Creatures
  2 dart slugs (D:1)
  2 ball pythons (D:1)
  A bat (D:1)
  An endoplasm (D:1)
  2 goblins (D:1)
  2 hobgoblins (D:1)
  2 quokkas (D:1)
  2 frilled lizards (D:1)
  2 kobolds (D:1)
  2 rats (D:1)
18 creatures vanquished.

Notes
Turn   | Place    | Note
-------+----------+-------------------------------------------
     0 | D:1      | Aldia the Gnoll Wanderer began the quest for the Orb.
     0 | D:1      | Aldia set off with the following items: a +0 sling, a piece
                  | from Xom's chessboard (15/15), a potion of heal wounds, a
                  | +0 robe; and the following spell memorised: Necrotise; and
                  | the following spells available to memorise: Dispel Undead,
                  | Corpse Rot.
     0 | D:1      | Reached XP level 1. HP: 13/13 MP: 4/4
   150 | D:1      | Reached XP level 2. HP: 12/20 MP: 5/5
   539 | D:1      | Reached XP level 3. HP: 25/25 MP: 7/7
   539 | D:1      | Quit the game

Illustrated notes

Levels and vault maps discovered:
D:1:      nicolae_arrival_washed_ashore, layout_rooms,
          dreamdust_ecumenical_altar_statues, hangedman_feature_mirror,
          minmay_circled_x

Action                   || total
-------------------------++-------
 Fire: Sling             ||    63
Armor: Robe              ||     2
Dodge: Dodged            ||    12
